 Dungeon Crawl Stone Soup version 0.31.0-32-g396128a36d (webtiles) character file.

Game seed: 18083251626641829230

28 PaiMei the Grave Robber (level 2, -2/20 HPs)
             Began as a Demonspawn Necromancer on Mar 29, 2024.
             Slain by Natasha (7 damage)
             ... on level 2 of the Dungeon.
             The game lasted 00:01:18 (1493 turns).

PaiMei the Grave Robber (Demonspawn Necromancer)    Turns: 1493, Time: 00:01:19

Health: -2/20      AC:  5    Str:  8    XL:     2   Next: 96%
Magic:  1/5        EV: 12    Int: 15    God:
Gold:   50         SH:  0    Dex: 13    Spells: 4/5 levels left

rFire   . . .        c - +0 club
rCold   . . .        (no shield)
rNeg    . . .        a - +0 robe
rPois   .            (no helmet)
rElec   .            (no cloak)
rCorr   .            k - +2 pair of gloves
SInv    .            (no boots)
Will    .....        (no amulet)
Stlth   ++           (no ring)
HPRegen 0.23/turn    (no ring)
MPRegen 0.09/turn

%: no passive effects
@: slowed, very slow
A: powered by death 1
a: no special abilities


You were on level 2 of the Dungeon.
You visited 1 branch of the dungeon, and saw 2 of its levels.

You collected 50 gold pieces.

Inventory:

Hand Weapons
 c - a +0 club (weapon)
Armour
 a - a +0 robe (worn)
 k - a +2 pair of gloves (worn)
Jewellery
 j - a ring of see invisible
Scrolls
 d - a scroll of teleportation {unknown}
 f - a scroll of amnesia {unknown}
 g - a scroll of fear {unknown}
 l - a scroll of revelation {unknown}
 m - a scroll of enchant weapon {unknown}
Potions
 b - a potion of magic
 e - 4 potions of curing {unknown}
 h - a potion of attraction {unknown}
 i - a potion of resistance {unknown}


   Skills:
 + Level 0.5 Fighting
 + Level 2.2 Dodging
 - Level 2.0 Stealth
 + Level 2.3 Spellcasting
 + Level 4.7 Necromancy


You had 4 spell levels left.
You knew the following spells:

 Your Spells              Type           Power      Damage    Failure   Level
a - Necrotise             Necr           60%        1d7       3%          1

Your spell library contained the following spells:

 Spells                   Type           Power      Damage    Failure   Level
 Vampiric Draining        Necr           15%        2d7       10%         3
 Animate Dead             Necr           15%        N/A       30%         4
 Mercury Vapours          Alch/Air       2%         N/A       32%         2
 Mephitic Cloud           Conj/Alch/Air  1%         N/A       54%         3
 Curse of Agony           Necr           15%        N/A       65%         5
 Freezing Cloud           Conj/Ice/Air   0%         6-21      99%         5


Dungeon Overview and Level Annotations

Branches:
Dungeon (2/15)

Altars:

Annotations:
D:2 Natasha


Innate Abilities, Weirdness & Mutations

You regenerate a little health from kills.


Message History

You don't have enough magic to cast this spell.
Casting: Necrotise (safe; 3% risk of failure)
Confirm with . or Enter, or press ? or * to list all spells.
You don't have enough magic to cast this spell.
You hit Natasha but do no damage.
Natasha stares at you and mumbles some strange words.
The magic dart hits you!
Your goblin skeleton hits Natasha but does no damage.
Something hits your goblin skeleton.
Natasha stares at you and mumbles some strange words.
You feel yourself slow down.
You barely miss Natasha. Something hits your goblin skeleton.
Your goblin skeleton is destroyed!
Natasha completely misses you.
You swap places.
Natasha casts a spell at you. The magic dart hits your rat skeleton!
Your rat skeleton is destroyed!
Natasha barely misses you. Natasha attacks as she pursues you!
Natasha claws you.
Natasha extends her claws.
Natasha stares at you and mumbles some strange words.
You feel as though you will be slow longer.
Casting: Necrotise (safe; 3% risk of failure)
Confirm with . or Enter, or press ? or * to list all spells.
You don't have enough magic to cast this spell.
Natasha casts a spell at you. The magic dart hits you.
The cerulean imp barely misses you.
Natasha mumbles some strange words.
Natasha attacks as she pursues you! Natasha misses you.
The cerulean imp hits you with a +1 spear.
There is a stone staircase leading down here.
The cerulean imp hits you with a +1 spear.
* * * LOW HITPOINT WARNING * * *
The cerulean imp barely misses you. Natasha closely misses you.
The cerulean imp misses you.
The cerulean imp hits you but does no damage.
Natasha claws you!
You die...
Natasha curls up and begins to purr.

###
#####<###############
#...................#
#.....#############.#
################## #.#
.[...............# #.#
################.####
#.# ...
................####.###
###
#...######@##.##.....#
#..(......h#..##.#.#.#
####.....55#..##.#.#.#
#######.#.###...#.#
#.#.#######.#
#.#.........#
#.########### #.# #.#


You could see Natasha and 2 cerulean imps.

Vanquished Creatures
  A dart slug (D:1)
  2 endoplasms (D:1)
  2 goblins (D:2)
  2 hobgoblins (D:2)
  4 jackals (D:1)
  3 ball pythons
  4 bats (D:1)
  2 kobolds (D:1)
  3 rats
23 creatures vanquished.

Notes
Turn   | Place    | Note
-------+----------+-------------------------------------------
     0 | D:1      | PaiMei the Demonspawn Necromancer began the quest for the
                  | Orb.
     0 | D:1      | Reached XP level 1. HP: 13/13 MP: 3/3
   280 | D:1      | You fall into a shaft and drop 1 floor!
   623 | D:1      | Gained mutation: You regenerate a little health from kills.
                  | [demonic ancestry]
   623 | D:1      | Reached XP level 2. HP: 17/19 MP: 0/5
  1460 | D:2      | Noticed Natasha
  1493 | D:2      | Slain by Natasha

Illustrated notes

Levels and vault maps discovered:
D:1:      zaba_arrival_water, layout_loops_ring, roderic_roman_lattice
D:2:      minmay_chambers_of_twos, layout_basic, serial_shops,
          nicolae_book_shop_shelving, corexii_hall_statues_u, st_stairs_11,
          kennysheep_flooded_box, uniq_natasha

Skill      XL: |  1 |
---------------+----+-----
Stealth        | 2 |  2.0
Dodging        | 2 |  2.2
Fighting       | |  0.5
Spellcasting   | |  2.3
Necromancy     | |  4.7

Action                     || total
---------------------------++-------
  Melee: Club              ||    41
   Cast: Necrotise         ||    38
 Armour: Robe              ||    50
  Dodge: Dodged            ||    52
